 Dungeon Crawl Stone Soup version 0.24.0-13-gcf9b3192b9 (webtiles) character file.

Game seed: 12654718079610309039, levelgen mode: deterministic

25 Arum the Shield-Bearer (level 3, 0/30 HPs)
             Began as a Formicid Fighter on Nov 10, 2019.
             Killed from afar by Jessica (8 damage)
             ... with a puff of flame
             ... on level 2 of the Dungeon.
             The game lasted 00:00:51 (849 turns).

Arum the Shield-Bearer (Formicid Fighter)            Turns: 849, Time: 00:00:51

Health: 0/30       AC:  6    Str: 20    XL:     3   Next: 17%
Magic:  3/3        EV:  8    Int:  7    God:
Gold:   51         SH:  9    Dex: 11    Spells: 2/2 levels left

rFire    . . .     SeeInvis +   a - +0 quarterstaff
rCold    . . .     Gourm    .   c - +0 shield
rNeg     . . .     Faith    .   b - +0 scale mail
rPois    .         Spirit   .   (helmet unavailable)
rElec    .         Reflect  .   (no cloak)
rCorr    .         Harm     .   (no gloves)
MR       .....                  (no boots)
Stlth    ..........             g - amulet of inaccuracy (curse)
HPRegen  0.10/turn              (no ring)
MPRegen  0.08/turn              (no ring)

@: no status effects
A: permanent stasis, dig shafts and tunnels, four strong arms, antennae 3
a: Dig, Shaft Self


You were on level 2 of the Dungeon.
You were not hungry.

You visited 1 branch of the dungeon, and saw 2 of its levels.

You collected 51 gold pieces.

Inventory:

Hand Weapons
 a - a +0 quarterstaff (weapon)
Armour
 b - a +0 scale mail (worn)
 c - a +0 shield (worn)
Jewellery
 g - a cursed amulet of inaccuracy (around neck)
Scrolls
 e - a scroll of remove curse {unknown}
 h - a scroll of identify {unknown}
 i - a scroll of magic mapping {unknown}
Potions
 d - a potion of might
Comestibles
 f - 4 rations


   Skills:
 + Level 3.7 Fighting
 + Level 2.5 Staves
 - Level 3.2 Armour
 + Level 4.1 Shields


You had 2 spell levels left.
You didn't know any spells.
Your spell library was empty.

Dungeon Overview and Level Annotations

Branches:
Dungeon (2/15)

Altars:
Xom

Annotations:
D:2 Jessica


Innate Abilities, Weirdness & Mutations

You cannot be hasted, slowed, berserked, paralysed or teleported.
You can dig through walls and to a lower floor.
Your four strong arms can wield two-handed weapons with a shield.
You have a pair of large antennae on your head. (SInv)


Message History

You are too injured to fight recklessly!
You are too injured to fight recklessly!
You are too injured to fight recklessly!
You are too injured to fight recklessly!
You are too injured to fight recklessly!
You are too injured to fight recklessly!
You are too injured to fight recklessly!
You are too injured to fight recklessly!
You are too injured to fight recklessly!
You are too injured to fight recklessly!
You are too injured to fight recklessly!
You are too injured to fight recklessly!
You closely miss Jessica.
Jessica is heavily wounded.
Jessica shouts, "I don't like beings like you!"
Jessica hits you but does no damage.
You barely miss Jessica.
Jessica is heavily wounded.
Jessica zaps a wand.
The puff of flame hits you!
You die...

#.# #.# ## #.#
.# #.# .# #.#
.# #.# ##
#.############
#............#
###########@##
{ { #@# #K#
#.# #.# #.#
... ###


You could see Jessica and a kobold.

Vanquished Creatures
  A worm (D:2)
  A leopard gecko (D:1)
  3 bats
  4 goblins
  A hobgoblin (D:1)
  A jackal (D:1)
  3 kobolds (D:1)
  3 frilled lizards (D:1)
  3 rats
20 creatures vanquished.

Notes
Turn   | Place    | Note
-------+----------+-------------------------------------------
     0 | D:1      | Arum the Formicid Fighter began the quest for the Orb.
     0 | D:1      | Reached XP level 1. HP: 18/18 MP: 1/1
   162 | D:1      | Reached XP level 2. HP: 23/24 MP: 2/2
   335 | D:1      | Reached skill level 4 in Shields
   748 | D:2      | Reached XP level 3. HP: 30/30 MP: 3/3
   794 | D:2      | Found a shimmering altar of Xom.
   839 | D:2      | Noticed Jessica
   849 | D:2      | Killed from afar by Jessica

Levels and vault maps discovered:
D:1:      dpeg_arrival_court, layout_loops_ring, minmay_distorted
D:2:      layout_basic, serial_glass, glass_columns_a, glass_columns_a,
          glass_columns_b, glass_columns_a, glass_columns_a, glass_columns_b,
          first_ration, brannock_xom_greatest_gift, uniq_terence, uniq_jessica

Skill      XL: |  1  2 |
---------------+-------+-----
Shields        | 4 |  4.1
Fighting       | |  3.7
Staves         | |  2.5
Armour         | |  3.2

Action                   || total
-------------------------++-------
Melee: Quarterstaff      ||    74
Armor: Scale mail        ||    24
Dodge: Dodged            ||    21
Block: Shield            ||    32
